 Dungeon Crawl Stone Soup version 0.27.1-1-g398f81649c (webtiles) character file.

Game seed: 6257497807823318342

627 shoulao the Cudgeller (level 7, -6/61 HPs)
             Began as a Minotaur Berserker on Sept 16, 2021.
             Was a Priest of Trog.
             Mangled by a gnoll (7 damage)
             ... on level 5 of the Dungeon.
             The game lasted 00:06:50 (3304 turns).

shoulao the Cudgeller (Minotaur Berserker)          Turns: 3304, Time: 00:06:51

Health: -6/61      AC:  8    Str: 24    XL:     7   Next: 23%
Magic:  6/6        EV: 11    Int:  4    God:    Trog [***...]
Gold:   79         SH:  0    Dex:  9    Spells: 6/6 levels left

rFire    . . .     SeeInvis +   a - +0 mace
rCold    . . .     Faith    .   (no shield)
rNeg     . . .     Spirit   .   f - +1 scale mail
rPois    .         Reflect  .   (helmet restricted)
rElec    .         Harm     .   (no cloak)
rCorr    .         Rampage  .   (no gloves)
Will     .....                  (no boots)
Stlth    ..........             (no amulet)
HPRegen  0.20/turn              d - ring of see invisible
MPRegen  0.10/turn              (no ring)

@: mighty, on berserk cooldown, slowed, very slow
A: horns 2, retaliatory headbutt
a: Renounce Religion, Berserk, Trog's Hand


You were on level 5 of the Dungeon.
You worshipped Trog.
Trog was most pleased with you.
You visited 1 branch of the dungeon, and saw 5 of its levels.

You collected 79 gold pieces.

Inventory:

Hand Weapons
 a - a +0 mace (weapon)
Armour
 b - a +0 animal skin
 f - a +1 scale mail (worn)
Jewellery
 d - a ring of see invisible (left hand)
 e - a ring of flight
Scrolls
 c - a scroll of noise {unknown}
 i - a scroll of enchant armour


   Skills:
 + Level 5.4 Fighting
 + Level 7.3 Maces & Flails
 + Level 5.3 Armour
 + Level 3.2 Dodging
 + Level 0.6 Stealth


You had 6 spell levels left.
You didn't know any spells.
Your spell library was empty.

Dungeon Overview and Level Annotations

Branches:
Dungeon (5/15)             Temple (0/1) D:4

Altars:
Nemelex Xobeh
Trog
Yredelemnul

Shops:
D:3 ?


Innate Abilities, Weirdness & Mutations

You have a pair of horns on your head.
You reflexively headbutt those who attack you in melee.


Message History

The gnoll hits you from afar with a +0 spear. x2
The necrophage hits you but does no damage.
You barely miss the gnoll. The gnoll hits you with a +0 spear.
The gnoll hits you but does no damage. x2
The necrophage hits you but does no damage.
The gnoll hits you with a +0 spear. The gnoll closely misses you.
The gnoll hits you but does no damage. The gnoll hits you but does no damage.
The necrophage hits you.
You feel very mighty all of a sudden.
The gnoll hits you from afar with a +0 spear.
The gnoll barely misses you. The gnoll closely misses you.
The necrophage hits you but does no damage.
The gnoll misses you.
The gnoll hits you from afar with a +0 spear.
The gnoll hits you but does no damage. The gnoll closely misses you.
Unknown command.
You sock the necrophage!
The necrophage is heavily damaged.
The necrophage hits you.
* * * LOW HITPOINT WARNING * * *
The gnoll closely misses you.
The gnoll hits you from afar with a +0 spear.
* * * LOW HITPOINT WARNING * * *
The gnoll hits you from afar with a +0 spear!
* * * LOW HITPOINT WARNING * * *
The gnoll hits you from afar with a +0 spear.
* * * LOW HITPOINT WARNING * * *
The necrophage hits you but does no damage.
The gnoll hits you from afar with a +0 spear.
* * * LOW HITPOINT WARNING * * *
You completely miss the necrophage. Your headbutt misses the necrophage.
The necrophage is heavily damaged.
The gnoll misses you. The gnoll hits you but does no damage.
The gnoll barely misses you. The necrophage barely misses you.
You furiously retaliate!
You headbutt the necrophage! The gnoll barely misses you.
The gnoll hits you from afar with a +0 spear.
* * * LOW HITPOINT WARNING * * *
The gnoll hits you from afar with a +0 spear!
You die...

....... .>. .###...
#...... #.. .......##
#...... ##.. ........
.....##..# ##.....
........# #......
#......## #..##..<
##gggg...####..# #...
.###..)n#.......# ###..
.......@....)).# ###....
...###...!..).####......
. ###..####.....####.
#### #..#### #. #.## #.
#.# . ### #


You could see a necrophage and 4 gnolls.

Vanquished Creatures
  Eustachio (D:4)
  A water moccasin skeleton (D:5)
  A centaur zombie (D:4)
  3 hounds
  A centaur skeleton (D:5)
  An orc priest (D:5)
  An iguana (D:4)
  Terence (D:3)
  2 orc wizards
  A hound skeleton (D:4)
  A gnoll (D:5)
  4 adders
  An ufetubus (D:5)
  4 dart slugs
  9 orcs
  10 ball pythons
  4 endoplasms
  2 giant cockroaches
  5 goblins
  5 hobgoblins
  9 jackals
  3 quokkas
  8 bats
  4 frilled lizards
  7 kobolds
  8 rats
97 creatures vanquished.

Notes
Turn   | Place    | Note
-------+----------+-------------------------------------------
     0 | D:1      | shoulao the Minotaur Berserker began the quest for the Orb.
     0 | D:1      | Reached XP level 1. HP: 19/19 MP: 0/0
    88 | D:1      | Reached skill level 4 in Maces & Flails
    88 | D:1      | Reached XP level 2. HP: 27/27 MP: 1/1
   265 | D:1      | Found a faded altar of an unknown god.
   266 | D:1      | Noticed a golden eye
   294 | D:1      | Noticed an eye of devastation
   310 | D:1      | Noticed a floating eye
   328 | D:1      | Noticed a great orb of eyes
   344 | D:1      | Reached ** piety under Trog
   641 | D:2      | Reached XP level 3. HP: 33/33 MP: 2/2
   935 | D:2      | Reached skill level 5 in Maces & Flails
  1168 | D:2      | Reached XP level 4. HP: 40/40 MP: 3/3
  1305 | D:3      | Noticed Terence
  1323 | D:3      | Killed Terence
  1324 | D:3      | Reached XP level 5. HP: 25/47 MP: 4/4
  1744 | D:3      | Found a bloodstained altar of Trog.
  1745 | D:3      | Found Icvem's Magic Scroll Boutique.
  1860 | D:3      | Reached *** piety under Trog
  1982 | D:3      | Found a sparkling altar of Nemelex Xobeh.
  2117 | D:4      | Reached skill level 6 in Maces & Flails
  2189 | D:4      | Found a staircase to the Ecumenical Temple.
  2238 | D:4      | Reached XP level 6. HP: 47/55 MP: 5/5
  2398 | D:4      | Noticed Eustachio
  2405 | D:4      | Killed Eustachio
  2406 | D:4      | Reached skill level 5 in Fighting
  2730 | D:4      | Found a basalt altar of Yredelemnul.
  2882 | D:5      | Entered Level 5 of the Dungeon
  3120 | D:5      | Reached skill level 7 in Maces & Flails
  3206 | D:5      | Reached XP level 7. HP: 56/61 MP: 6/6
  3280 | D:5      | Reached skill level 5 in Armour
  3303 | D:5      | HP: 3/61 [gnoll (5)]
  3304 | D:5      | HP: 1/61 [gnoll (3)]
  3304 | D:5      | Mangled by a gnoll

Illustrated notes

Levels and vault maps discovered:
D:1:      heliophobic_arrival_dark_side_of_the_moon, layout_rooms,
          hellmonk_ecumenical_altar_watching_god
D:2:      layout_basic, amcnicky_mini_rare_corridor_liquid
D:3:      layout_rooms, mainiacjoe_overflow_six_doors_small, bloody_trog,
          serial_shops, shop, uniq_terence
D:4:      cheibrodos_quashed, layout_rooms, mainiacjoe_overflow_alcove_4,
          minmay_temple_entry_slanted, uniq_eustachio
D:5:      layout_layer_cave, kennysheep_mini_moat, mainiacjoe_overflow_paths

Skill      XL: |  1  2  3  4  5  6  7 |
---------------+----------------------+-----
Maces & Flails | 4 5 6 7 |  7.3
Fighting       | 4 5 |  5.4
Armour         | 3 4 5 |  5.3
Dodging        | 3 |  3.2
Stealth        | |  0.6

Action                   |  1- 3 |  4- 6 |  7- 9 || total
-------------------------+-------+-------+-------++-------
Melee: Mace              |    87 |   102 |    19 ||   208
       Headbutt          |     6 |    19 |     3 ||    28
Invok: Berserk           |       |     4 |     1 ||     5
  Use: Scroll            |     4 |     5 |       ||     9
       Potion            |     2 |     4 |     1 ||     7
Armor: Animal skin       |     6 |       |       ||     6
       Scale mail        |    48 |    48 |    25 ||   121
Dodge: Dodged            |    57 |    68 |    20 ||   145
